 Dungeon Crawl Stone Soup version 0.21-a0-615-g8e08f28 (webtiles) character file.

179 slep the Slasher (level 5, -5/35 HPs)
             Began as an Octopode Gladiator on Dec 23, 2017.
             Slain by an ogre
             ... wielding a +0 giant spiked club
              (24 damage)
             ... on level 4 of the Dungeon.
             The game lasted 00:07:17 (1918 turns).

slep the Slasher (Octopode Gladiator)               Turns: 1918, Time: 00:07:18

Health: -5/35      AC:  1    Str: 13    XL:     5   Next: 59%
Magic:  5/5        EV: 15    Int: 10    God:
Gold:   161        SH:  0    Dex: 15    Spells: 4/4 levels left

rFire    . . .     SeeInvis .   a - +0 long sword
rCold    . . .     Gourm    .   (no shield)
rNeg     . . .     Faith    .   b - +0 hat
rPois    .         Spirit   .   (no amulet)
rElec    .         Reflect  .   (no ring)
rCorr    .         Harm     .   (no ring)
MR       .....                  (no ring)
Stlth    +++.......             (no ring)
HPRegen  0.11/turn              (no ring)
MPRegen  0.09/turn              (no ring)
                                (no ring)
                                (no ring)

@: no status effects
A: almost no armour, stealthy swim, amphibious, 8 rings, constrict 8, camouflage
1, gelatinous body 1
a: no special abilities


You were on level 4 of the Dungeon.
You were not hungry.

You visited 1 branch of the dungeon, and saw 4 of its levels.

You collected 161 gold pieces.

Inventory:

Hand Weapons
 a - a +0 long sword (weapon)
 q - a +0 blowgun
Missiles
 c - 3 throwing nets (quivered)
 i - 33 sling bullets
 r - 17 poisoned needles
Armour
 b - a +0 hat (worn)
Scrolls
 f - a scroll of blinking {unknown}
 g - 2 scrolls of enchant armour {unknown}
 h - a scroll of fear {unknown}
 j - 5 scrolls of identify {unknown}
 k - a scroll of fog {unknown}
 l - a scroll of remove curse {unknown}
 n - a scroll of magic mapping {unknown}
 o - 2 scrolls of enchant weapon {unknown}
 u - a scroll of amnesia {unknown}
Potions
 e - 2 potions of might {unknown}
 m - a potion of agility {unknown}
 p - a potion of degeneration {unknown}
 s - a potion of curing {unknown}
 t - a potion of magic {unknown}
 v - a potion of cancellation {unknown}
 w - a potion of berserk rage {unknown}
Comestibles
 d - 6 rations


   Skills:
 + Level 2.7 Fighting
 + Level 4.7 Long Blades
 + Level 2.2 Throwing
 + Level 3.5 Dodging
 + Level 3.1 Stealth


You had 4 spell levels left.
You didn't know any spells.

Dungeon Overview and Level Annotations

Branches:
Dungeon (4/15)
 Temple: D:4-7

Altars:
Ashenzari
Dithmenos
Fedhas


Innate Abilities, Weirdness & Mutations

You cannot wear most types of armour.
You are very stealthy in the water. (Stealth+)
You are amphibious.
You can wear up to eight rings at the same time.
You can use your tentacles to constrict eight enemies at once.
Your skin changes colour to match your surroundings (Stealth+).
Your rubbery body absorbs attacks. (AC +1, EV +1)


Message History

The howler monkey hits you.
You barely miss the howler monkey. Your grab misses the howler monkey.
The howler monkey hoots and howls with incredible vigour!
You hear a shout! x3
You hit the howler monkey. Your grab misses the howler monkey.
You squeeze the howler monkey!
The howler monkey is severely wounded.
The howler monkey hits you!
The howler monkey completely misses you.
You barely miss the howler monkey. You grab the howler monkey.
The howler monkey is severely wounded.
You constrict the howler monkey. The howler monkey misses you.
A giant cockroach comes into view.
You slash the howler monkey!
You kill the howler monkey!
Your Stealth skill increases to level 3!
You see here a howler monkey corpse.
The ogre hits you with a giant spiked club!!
Ouch! That really hurt!
You die...

[ .. ...## #. .O...##+######
#.. # #.........# #..##.
###....†..####
#....####..........#
...........O....(..#
###.#≈≈≈≈≈#@Js....#
#..≈###≈+.......+
#...'_#≈#.......#
#.#≈###≈#.......#
#######.#≈≈≈≈≈#.......#.#####
............###.......#(....
######.##### ###.....#....###
#...# ...###....#.# #####.###
#........##


You could see an ogre, an ooze and a giant cockroach.

Vanquished Creatures
  A howler monkey (D:4)
  A worker ant (D:4)
  4 adders
  An ooze (D:3)
  3 worms
  A dart slug (D:2)
  A leopard gecko (D:4)
  2 orcs (D:3)
  7 goblins
  8 hobgoblins
  7 jackals
  6 kobolds
  2 quokkas
  10 bats
  3 frilled lizards
  9 rats
66 creatures vanquished.

Notes
Turn   | Place    | Note
-------+----------+-------------------------------------------
     0 | D:1      | slep the Octopode Gladiator began the quest for the Orb.
     0 | D:1      | Reached XP level 1. HP: 14/14 MP: 1/1
    57 | D:1      | Reached XP level 2. HP: 14/19 MP: 2/2
   239 | D:1      | Reached skill level 1 in Stealth
   409 | D:2      | Found a blossoming altar of Fedhas.
   466 | D:2      | Reached XP level 3. HP: 16/24 MP: 3/3
  1011 | D:2      | Found a shadowy altar of Dithmenos.
  1241 | D:3      | Reached XP level 4. HP: 30/30 MP: 4/4
  1263 | D:3      | Reached skill level 4 in Long Blades
  1858 | D:4      | Reached XP level 5. HP: 34/35 MP: 5/5
  1896 | D:4      | Found a shattered altar of Ashenzari.
  1907 | D:4      | Noticed an ogre
  1918 | D:4      | Slain by an ogre

Vault maps used:
D:1:      dpeg_arrival_ratfight, minmay_bisected
D:2:      overflow_temple_1_default, grunt_dithmenos_smoke
D:4:      kennysheep_mini_moat, gammafunk_temple_overflow_pools,
          kennysheep_little_box, serial_aquarium, aquarium_bridge_long_separate,
          aquarium_window_fake, aquarium_window_fake, aquarium_window_1,
          aquarium_window_fake, aquarium_view_2e, aquarium_view_2b,
          aquarium_balcony_1b, lightli_sewer_entry_pipes

Skill      XL: |  1  2  3  4  5 |
---------------+----------------+-----
Stealth        | 1 2 3 |  3.1
Long Blades    | 4 |  4.7
Fighting       | |  2.7
Throwing       | |  2.2
Dodging        | |  3.5

Action                   |  1- 3 |  4- 6 || total
-------------------------+-------+-------++-------
Melee: Long sword        |    68 |    48 ||   116
       Constrict         |    23 |    11 ||    34
       Tentacles         |    13 |     7 ||    20
 Stab: Sleeping          |     8 |     7 ||    15
  Eat: Chunk             |     1 |     2 ||     3
Armor: Skin              |     5 |     2 ||     7
Dodge: Dodged            |    49 |    29 ||    78
       Rpst.: Long sword |    15 |     8 ||    23

Table legend:
 A = Spawn XP
 B = Non-spawn XP
 C = Spawn XP percentage of total XP
 D = Spawn monster count
 E = Non-spawn monster count
 F = Spawn count percentage of total count
 G = Total turns spent on level
                    A         B        C        D         E        F      G
               +---------+---------+-------+---------+---------+-------+---------
         Total |       0 |     256 |   0.0 |       0 |      66 |   0.0 |  1918
               +---------+---------+-------+---------+---------+-------+---------
           D:1 |       0 |      21 |   0.0 |       0 |      17 |   0.0 |   395
           D:2 |       0 |      49 |   0.0 |       0 |      19 |   0.0 |   741
           D:3 |       0 |      91 |   0.0 |       0 |      25 |   0.0 |   716
           D:4 |       0 |      95 |   0.0 |       0 |       5 |   0.0 |    66
               +---------+---------+-------+---------+---------+-------+---------
